 Dungeon Crawl Stone Soup version 0.21.1-1-g345015f (webtiles) character file.

3811 Kagorn the Chopper (level 9, -10/74 HPs)
             Began as a Demigod Fighter on June 5, 2018.
             Mangled by a two-headed ogre
             ... wielding a +0 giant club
              (19 damage)
             ... on level 8 of the Dungeon.
             The game lasted 01:27:12 (8061 turns).

Kagorn the Chopper (Demigod Fighter)                Turns: 8061, Time: 01:27:13

Health: -10/74     AC:  7    Str: 19    XL:     9   Next: 65%
Magic:  12/12      EV: 15    Int: 14    God:
Gold:   461        SH: 10    Dex: 21    Spells: 7/8 levels left

rFire    . . .     SeeInvis .   l - +4 scimitar (freeze)
rCold    . . .     Gourm    +   c - +0 shield
rNeg     . . .     Faith    .   q - +0 troll leather armour {Purgy}
rPois    .         Spirit   .   A - +0 helmet
rElec    .         Reflect  .   (no cloak)
rCorr    .         Harm     .   (no gloves)
MR       .....                  r - +0 pair of boots
Stlth    ++++......             C - amulet of the gourmand
HPRegen  0.62/turn              v - ring of stealth
MPRegen  0.13/turn              I - +2 ring of evasion

@: no status effects
A: talons 1, clever 1, high mp 1
a: no special abilities


You were on level 8 of the Dungeon.
You were very full.

You visited 1 branch of the dungeon, and saw 8 of its levels.

You collected 461 gold pieces.

Inventory:

Hand Weapons
 b - a +0 short sword of flaming
 h - a +2 flail
 i - a +2 war axe of freezing
 l - a +4 scimitar of freezing (weapon)
 o - a +5 hand axe
 p - a +0 dagger of venom
 E - a +2 dagger of freezing
 P - a +0 arbalest
 S - a +0 dire flail
Missiles
 F - 5 tomahawks of dispersal (quivered)
Armour
 c - a +0 shield (worn)
 d - a +4 chain mail of fire resistance
 k - a +2 leather armour of magic resistance
 q - a +0 troll leather armour (worn) {Purgy}
 r - a +0 pair of boots (worn)
 z - the +1 robe of the Wilderness {MP+9 Int+6}
   (You found it on level 6 of the Dungeon)

   It affects your intelligence (+6).
   It affects your magic capacity (+9).
 A - a +0 helmet (worn)
 N - a +0 hat
Jewellery
 u - an uncursed amulet of magic regeneration
 v - a ring of stealth (left hand)
 C - an amulet of the gourmand (around neck)
 I - a +2 ring of evasion (right hand)
Wands
 j - a wand of paralysis (10)
 s - a wand of polymorph (12)
 t - a wand of iceblast (21)
 D - a wand of clouds (5)
 L - a wand of flame (13)
Scrolls
 a - 2 scrolls of magic mapping
 e - 2 scrolls of teleportation
 g - a scroll of fear
 w - 2 scrolls of identify
 x - a scroll of enchant weapon
 y - 3 scrolls of immolation
 K - a scroll of remove curse
 M - 3 scrolls of enchant armour {unknown}
 O - a scroll of amnesia {unknown}
Potions
 m - a potion of curing
 G - 2 potions of brilliance
 Q - a potion of magic
Books
 B - a book of Cantrips

   Spells                             Type                      Level
   a - Confusing Touch                Hexes                        1
   b - Animate Skeleton               Necromancy                   1
   c - Summon Small Mammal            Summoning                    1
   d - Apportation                    Translocation                1
 H - a book of Frost

   Spells                             Type                      Level
   a - Freeze                         Ice                          1
   b - Throw Frost                    Conjuration/Ice              2
   c - Ozocubu's Armour               Charms/Ice                   3
   d - Throw Icicle                   Conjuration/Ice              4
   e - Summon Ice Beast               Ice/Summoning                4
 J - a book of Maledictions

   Spells                             Type                      Level
   a - Corona                         Hexes                        1
   b - Ensorcelled Hibernation        Hexes/Ice                    2
   c - Confuse                        Hexes                        3
   d - Tukima's Dance                 Hexes                        3
   e - Dazzling Spray                 Conjuration/Hexes            3
Miscellaneous
 n - a phantom mirror
Comestibles
 f - 11 rations
 R - 6 chunks of flesh


   Skills:
 * Level 5.0 Fighting
 - Level 2.0(3.1) Short Blades
 * Level 3.7(4.0) Long Blades
 + Level 7.6 Axes
 + Level 4.3 Armour
 * Level 4.6 Dodging
 * Level 5.8 Stealth
 + Level 4.3 Shields
 - Level 0.1 Spellcasting
 - Level 0.1 Necromancy


You had 7 spell levels left.
You knew the following spells:

 Your Spells              Type           Power        Failure   Level  Hunger
a - Animate Skeleton      Necr           N/A          78%         1    ##.....


Dungeon Overview and Level Annotations

Branches:
Dungeon (8/15)             Temple (0/1) D:6
   Lair: D:8-11


Innate Abilities, Weirdness & Mutations

You have an increased reservoir of magic. (+10% MP)
You have sharp toenails.
Your mind is acute. (Int +2)


Message History

You block the two-headed ogre's attack.
The two-headed ogre hits you with a dire flail of protection!
* * * LOW HITPOINT WARNING * * *
You feel better.
The two-headed ogre hits you with a giant club!
* * * LOW HITPOINT WARNING * * *
The two-headed ogre hits you but does no damage.
You slash the two-headed ogre! You freeze the two-headed ogre.
The two-headed ogre is severely wounded.
The two-headed ogre barely misses you. You block the two-headed ogre's attack.
You hit the two-headed ogre. You freeze the two-headed ogre.
The two-headed ogre is severely wounded.
You block the two-headed ogre's attack.
The two-headed ogre hits you with a dire flail of protection.
* * * LOW HITPOINT WARNING * * *
Unknown command.
You hit the two-headed ogre. You freeze the two-headed ogre.
The two-headed ogre is almost dead.
The two-headed ogre hits you with a giant club!!
You die...

.# #.########.########...###.#
.######.##......................#
.#...............########........
.#...............# ####.####
.................# #..#
.................# ##.##
#................## #..#
#..........##.....############.##
#.#####...))...O@..............>#
#.# ##..........###############
#.# #..........# #.# #..........#
#..........# #....).#####
#......# #......# #......#


You could see a two-headed ogre.

Vanquished Creatures
  A two-headed ogre (D:8)
  Sigmund (D:3)
  Menkaure (D:4)
  A water moccasin (D:7)
  3 ice beasts
  2 sky beasts (D:7)
  Purgy (D:3)
  A necrophage (D:6)
  A phantom (D:6)
  3 centaurs
  An ogre (D:4)
  2 bullfrogs
  3 scorpions
  A wyvern skeleton (D:6)
  A howler monkey (D:6)
  6 wights
  A crimson imp (D:4)
  A quasit (D:8)
  3 hounds
  2 jellies
  2 centaur skeletons (D:4)
  2 orc priests
  Ijyb (D:4)
  Natasha (thrice) (D:4)
  3 iguanas
  4 orc wizards
  10 worker ants
  2 hound skeletons
  A howler monkey skeleton (D:6)
  A worker ant zombie (D:5)
  9 adders
  3 gnolls (D:5)
  A shadow imp (D:6)
  3 oozes
  3 adder skeletons
  An adder zombie (D:6)
  A worm (D:5)
  2 dart slugs
  5 leopard geckos
  15 orcs
  5 bats
  4 giant cockroaches
  11 goblins
  7 hobgoblins
  19 jackals
  2 quokkas
  3 ball pythons
  A frilled lizard (D:1)
  A jackal skeleton (D:4)
  4 kobolds
  A leopard gecko skeleton (D:7)
  A leopard gecko zombie (D:8)
  A quokka skeleton (D:4)
  A quokka zombie (D:7)
  6 rats
175 creatures vanquished.

Notes
Turn   | Place    | Note
-------+----------+-------------------------------------------
     0 | D:1      | Kagorn the Demigod Fighter began the quest for the Orb.
     0 | D:1      | Reached XP level 1. HP: 18/18 MP: 3/3
   435 | D:1      | Reached skill level 2 in Axes
   453 | D:1      | Reached XP level 2. HP: 11/25 MP: 4/4
  1037 | D:1      | Reached XP level 3. HP: 30/30 MP: 5/5
  1086 | D:2      | Found a shattered altar of Ashenzari.
  1154 | D:2      | Reached skill level 1 in Dodging
  1235 | D:2      | Reached skill level 1 in Stealth
  1296 | D:2      | Found an ancient bone altar of Kikubaaqudgha.
  1298 | D:2      | Found a hide-covered altar of Uskayaw.
  1486 | D:2      | Found a faded altar of an unknown god.
  1835 | D:3      | Gained mutation: Your mind is acute. (Int +2) [potion of mutation]
  1835 | D:3      | Gained mutation: You have sharp toenails. [potion of mutation]
  1865 | D:3      | Noticed Sigmund
  1887 | D:3      | Killed Sigmund
  1887 | D:3      | Reached skill level 3 in Axes
  1887 | D:3      | Reached XP level 4. HP: 24/38 MP: 6/6
  1887 | D:3      | Reached XP level 5. HP: 29/45 MP: 7/7
  2058 | D:3      | Reached skill level 4 in Axes
  2153 | D:3      | Found a bloodstained altar of Trog.
  2153 | D:3      | Found a sacrificial altar of Ru.
  2226 | D:3      | Found an opulent altar of Gozag.
  2354 | D:3      | Noticed Purgy
  2361 | D:3      | Killed Purgy
  2361 | D:3      | Reached XP level 6. HP: 38/51 MP: 8/8
  2709 | D:4      | Found an iron altar of Okawaru.
  2750 | D:4      | Noticed Natasha
  2765 | D:4      | Killed Natasha
  2859 | D:4      | Reached skill level 5 in Axes
  2940 | D:4      | Reached XP level 7. HP: 57/57 MP: 9/9
  3099 | D:4      | Noticed Menkaure
  3111 | D:4      | Killed Menkaure
  3112 | D:4      | Noticed Natasha
  3115 | D:4      | Killed Natasha
  3419 | D:4      | Noticed Ijyb
  3424 | D:4      | Killed Ijyb
  3424 | D:4      | Reached skill level 6 in Axes
  3474 | D:4      | Learned a level 1 spell: Animate Skeleton
  3560 | D:4      | Noticed Natasha
  3568 | D:4      | Killed Natasha
  3692 | D:5      | Entered Level 5 of the Dungeon
  3943 | D:5      | Found a glowing silver altar of Zin.
  4227 | D:5      | Reached XP level 8. HP: 64/64 MP: 10/10
  4589 | D:5      | Reached skill level 1 in Short Blades
  4630 | D:5      | Found a burning altar of Makhleb.
  5195 | D:6      | Found a staircase to the Ecumenical Temple.
  5892 | D:6      | Found a glowing golden altar of the Shining One.
  5903 | D:6      | Reached skill level 7 in Axes
  6268 | D:6      | Found a stormy altar of Qazlal.
  6285 | D:6      | Got a dull robe
  6338 | D:6      | Reached skill level 5 in Stealth
  6342 | D:6      | Reached XP level 9. HP: 72/72 MP: 12/12
  6991 | D:7      | Identified the +1 robe of the Wilderness {MP+9 Int+6} (You found it on level 6 of the Dungeon)
  7527 | D:7      | Reached skill level 1 in Long Blades
  7598 | D:8      | Noticed a two-headed ogre
  7896 | D:8      | Noticed a two-headed ogre
  7961 | D:8      | Noticed a two-headed ogre
  7975 | D:8      | Killed a two-headed ogre
  8008 | D:8      | Reached skill level 5 in Fighting
  8061 | D:8      | Mangled by a two-headed ogre

Skill      XL: |  1  2  3  4  5  6  7  8  9 |
---------------+----------------------------+-----
Axes           | 2 3 4 5 6 7 |  7.6
Dodging        | 1 2 3 4 |  4.6
Fighting       | 3 4 5 |  5.0
Stealth        | 1 2 3 5 |  5.8
Armour         | 3 4 |  4.3
Shields        | 3 4 |  4.3
Short Blades   | 2 |  2.0
Long Blades    | 3 |  3.7
Spellcasting   | |  0.1
Necromancy     | |  0.1

Action                   |  1- 3 |  4- 6 |  7- 9 || total
-------------------------+-------+-------+-------++-------
Melee: War axe           |   116 |    75 |   159 ||   350
       Kick              |     7 |    18 |    85 ||   110
       Dagger            |       |       |   133 ||   133
       Scimitar          |       |       |    92 ||    92
 Cast: Animate Skeleton  |       |       |     2 ||     2
  Use: Scroll            |     5 |     2 |    10 ||    17
       Potion            |     4 |       |    15 ||    19
 Stab: Sleeping          |       |     2 |    16 ||    18
  Eat: Ration            |     1 |     2 |     3 ||     6
       Chunk             |       |       |    11 ||    11
Armor: Scale mail        |    51 |     5 |       ||    56
       Leather armour    |       |    11 |     1 ||    12
       Troll leather arm |       |     9 |    99 ||   108
Dodge: Dodged            |    45 |    28 |   183 ||   256
Block: Shield            |    65 |    47 |   187 ||   299
       Rpst.: Scimitar   |       |       |    13 ||    13
